 Dungeon Crawl Stone Soup version 0.26.0-10-g1f06aea511 (webtiles) character file.

Game seed: 6222722852849408015

3766 Borgoz the Nimble (level 10, -1/84 HPs)
             Began as a Ghoul Gladiator on Jan 30, 2021.
             Was a Follower of Ashenzari.
             Slain by an orc warrior (5 damage)
             ... in a bailey.
             The game lasted 00:18:48 (10723 turns).

Borgoz the Nimble (Ghoul Gladiator)                Turns: 10723, Time: 00:18:49

Health: -1/84      AC: 20    Str: 19    XL:     10   Next: 15%
Magic:  0/9        EV: 14    Int:  7    God:    Ashenzari [*.....]
Gold:   120        SH:  0    Dex: 13    Spells: 9/9 levels left

rFire    . . .     SeeInvis .   a - +2 dagger (elec)
rCold    + . .     Faith    .   (no shield)
rNeg     + + +     Spirit   +   p - +5 scale mail "Ytoxzuh" {Will+ Int+4}
rPois    ∞         Reflect  .   q - +2 helmet
rElec    .         Harm     .   i - +0 cloak
rCorr    .         Rampage  .   r - +1 pair of gloves
Will     +....                  l - +0 pair of boots
Stlth    ..........             s - amulet of guardian spirit
HPRegen  0.00/turn              (no ring)
MPRegen  0.11/turn              (no ring)

@: no status effects
A: claws 1, cold resistance 1, negative energy resistance 3, inhibited
regeneration, torment resistance, unbreathing
a: Renounce Religion, Curse Item, Scrying


You were in a bailey.
You worshipped Ashenzari.
Ashenzari was aware of your devotion.
You visited 2 branches of the dungeon, and saw 11 of its levels.
You also visited: Bailey.

You collected 573 gold pieces.
You spent 453 gold pieces at shops.

Inventory:

Hand Weapons
 a - a +2 dagger of electrocution (weapon)
 b - a +0 long sword
Armour
 i - a +0 cloak (worn)
 l - a +0 pair of boots (worn)
 p - the +5 scale mail "Ytoxzuh" (worn) {Will+ Int+4}
   (You bought it in a shop on level 9 of the Dungeon)

   It affects your intelligence (+4).
   It affects your willpower, your defense against some magical effects.
 q - a +2 helmet (worn)
 r - a +1 pair of gloves (worn)
Jewellery
 f - an uncursed amulet of faith
 s - an amulet of guardian spirit (around neck)
Scrolls
 g - 6 scrolls of magic mapping
 h - 9 scrolls of remove curse
 j - a scroll of fog
 k - 3 scrolls of teleportation
 m - 2 scrolls of blinking
 n - 3 scrolls of identify
 o - a scroll of fear
Potions
 t - a potion of cancellation


   Skills:
 + Level 6.6 Fighting
 * Level 8.1 Long Blades
 - Level 1.7 Throwing
 + Level 5.1 Armour
 * Level 8.1 Dodging


You had 9 spell levels left.
You didn't know any spells.
Your spell library was empty.

Dungeon Overview and Level Annotations

Branches:
Dungeon (10/15)            Temple (1/1) D:5          Bailey (1/1)
   Lair: D:8-11         Orc: D:9-12

Altars:
Ashenzari
Cheibriados
Dithmenos
Elyvilon
Fedhas
Gozag
Hepliaklqana
Kikubaaqudgha
Makhleb
Nemelex Xobeh
Okawaru
Qazlal
Ru
Sif Muna
Trog
Uskayaw
Vehumet
Wu Jian
Xom
Yredelemnul
Zin
The Shining One

Shops:
D:4 *   D:7 [   D:9 [


Innate Abilities, Weirdness & Mutations

You thrive by killing the living.
You are immune to poison.
You have sharp fingernails.
Your flesh is cold resistant. (rC+)
You are immune to negative energy. (rN+++)
You do not regenerate when monsters are visible.
You are immune to unholy pain and torment.
You can survive without breathing.


Message History

You closely miss the orc warrior.
The orc warrior is moderately wounded.
The orc warrior hits you but does no damage.
You slash the orc warrior!
The orc warrior is severely wounded.
The orc warrior hits you!
* * * LOW HITPOINT WARNING * * *
You completely miss the orc warrior.
The orc warrior is severely wounded.
The orc warrior hits you!
* * * LOW HITPOINT WARNING * * *
You hit the orc warrior but do no damage.
The orc warrior is severely wounded.
The orc warrior hits you but does no damage.
You hear the crackle of electricity.
a - a +2 dagger of electrocution (weapon)
You completely miss the orc warrior.
The orc warrior is severely wounded.
The orc warrior hits you.
You die...

#...(...(.....#
#(............#
+
#(............#
##.
#(............
#((##.........
#...((........
#.............
#.....≈≈≈≈≈...
#....≈@#.#≈≈.
.......≈#o.##≈.
.......≈.o^..≈.
.......≈##.##≈..
.......≈≈ .# ..
........≈ ≈≈
......... ..
....... ..


You could see an orc warrior and an orc.

Vanquished Creatures
  A centaur skeleton (D:10)
  A troll (D:10)
  Sigmund (D:5)
  Edmund (D:4)
  Menkaure (D:6)
  Duvessa (D:4)
  A water moccasin (D:9)
  3 orc warriors
  An ice beast (D:7)
  An eye of draining (D:8)
  2 phantoms
  2 ogres
  A centaur (D:6)
  A big kobold (D:10)
  3 bullfrogs
  2 scorpions (D:6)
  A water moccasin skeleton (D:7)
  Dowan (D:4)
  3 wights
  A killer bee (D:7)
  A howler monkey (D:4)
  A bullfrog zombie (D:8)
  2 quasits
  5 hounds
  3 jellies
  2 bullfrog skeletons
  11 orc wizards
  4 worker ants
  2 hound skeletons
  Robin (D:2)
  A worker ant zombie (D:7)
  7 gnolls
  A howler monkey skeleton (D:8)
  8 adders
  2 shadow imps
  2 white imps (D:9)
  2 ufetubi
  An adder skeleton (D:5)
  A dart slug (D:3)
  5 leopard geckos
  26 orcs
  6 bats
  A giant cockroach (D:8)
  21 goblins
  10 hobgoblins
  20 jackals
  2 quokkas
  11 frilled lizards
  A jackal skeleton (D:5)
  10 kobolds
  A leopard gecko skeleton (D:4)
  A quokka zombie (D:7)
  7 rats
208 creatures vanquished.

Vanquished Creatures (others)
  11 fungi (D:3)
  11 plants
  4 toadstools (D:3)
  4 withered plants (D:8)
30 creatures vanquished.

Grand Total: 238 creatures vanquished

Notes
Turn   | Place    | Note
-------+----------+-------------------------------------------
     0 | D:1      | Borgoz the Ghoul Gladiator began the quest for the Orb.
     0 | D:1      | Reached XP level 1. HP: 17/17 MP: 0/0
    94 | D:1      | Reached XP level 2. HP: 22/24 MP: 1/1
   403 | D:1      | Reached XP level 3. HP: 30/30 MP: 2/2
   610 | D:2      | Found a white marble altar of Elyvilon.
  1121 | D:2      | Reached skill level 1 in Armour
  1368 | D:3      | Noticed Robin
  1374 | D:3      | Reached XP level 4. HP: 35/37 MP: 3/3
  1425 | D:2      | Killed Robin
  1817 | D:3      | Reached XP level 5. HP: 35/44 MP: 4/4
  1962 | D:3      | Found an opulent altar of Gozag.
  2347 | D:3      | Found a burning altar of Makhleb.
  2783 | D:4      | Noticed an ogre
  2792 | D:4      | Killed an ogre
  2793 | D:4      | Reached XP level 6. HP: 48/51 MP: 5/5
  2918 | D:4      | Found a bloodstained altar of Trog.
  3117 | D:4      | Found Sonar's General Store.
  3120 | D:4      | Bought a scroll of identify for 24 gold pieces
  3259 | D:4      | Noticed a phantom
  3294 | D:4      | Killed a phantom
  3295 | D:4      | Reached XP level 7. HP: 31/58 MP: 6/6
  3631 | D:4      | Noticed Edmund
  3654 | D:4      | Killed Edmund
  3773 | D:4      | Noticed Duvessa
  3773 | D:4      | Noticed Dowan
  3782 | D:4      | Killed Dowan
  3802 | D:4      | HP: 1/59 [Duvessa/puff of flame (10)]
  3804 | D:4      | Killed Duvessa
  3805 | D:4      | Reached skill level 5 in Long Blades
  3805 | D:4      | Reached skill level 5 in Dodging
  4296 | D:5      | Entered Level 5 of the Dungeon
  4323 | D:5      | Found a glowing silver altar of Zin.
  4411 | D:5      | Found a staircase to the Ecumenical Temple.
  4430 | Temple   | Entered the Ecumenical Temple
  4868 | D:5      | Noticed Sigmund
  4897 | D:5      | Killed Sigmund
  4898 | D:5      | Reached XP level 8. HP: 14/67 MP: 1/7
  6325 | D:6      | Noticed Menkaure
  6335 | D:6      | Killed Menkaure
  6336 | D:6      | Reached skill level 5 in Fighting
  6568 | D:6      | Found a broken altar of Ashenzari.
  6591 | D:6      | Became a worshipper of Ashenzari the Shackled
  7031 | D:7      | Reached XP level 9. HP: 74/74 MP: 8/8
  7520 | D:7      | Found a hide-covered altar of Uskayaw.
  7625 | D:7      | Found Waeneop's Antique Armour Emporium.
  7995 | D:8      | HP: 2/74 [orc warrior/+0 long sword (14)]
  9061 | D:8      | Found a blossoming altar of Fedhas.
  9062 | D:8      | Found an ancient bone altar of Kikubaaqudgha.
  9698 | D:9      | Found Matz's Antique Armour Emporium.
  9706 | D:9      | Bought a slimy scale mail for 234 gold pieces
  9706 | D:9      | Bought a pair of runed gloves for 195 gold pieces
  9721 | D:9      | Identified the +5 scale mail "Ytoxzuh" {Will+ Int+4} (You
                  | bought it in a shop on level 9 of the Dungeon)
  9759 | D:9      | Reached * piety under Ashenzari
 10314 | D:10     | Entered Level 10 of the Dungeon
 10352 | D:10     | Noticed a troll
 10369 | D:10     | Killed a troll
 10375 | D:10     | Reached skill level 5 in Armour
 10375 | D:10     | Reached XP level 10. HP: 84/84 MP: 9/9
 10459 | D:10     | Found a flagged portal.
 10518 | Bailey   | Entered a bailey
 10720 | Bailey   | HP: 4/84 [orc warrior (6)]
 10723 | Bailey   | Slain by an orc warrior

Illustrated notes

Levels and vault maps discovered:
D:1:      eino_arrival_cavern_c, layout_rooms
D:2:      layout_loops_ring, elyvilon_altar_5, corexii_shack,
          chequers_serial_rivers_micro_d, minmay_lizard_king
D:3:      layout_basic, marbit_many_paths, minmay_gold_behind_fungi,
          grunt_decor_junction, nicolae_gozag_seed_capital, uniq_robin
D:4:      layout_basic, serial_shops, shop, trog_hazing_becter, uniq_edmund,
          uniq_duvessa
D:5:      layout_cave_pods, lemuel_round_altar, minmay_temple_entry_sparse_star,
          uniq_sigmund
D:6:      layout_rooms, cheibrodos_ashenzari_chains, uniq_menkaure
D:7:      minmay_angry_zag, layout_basic, eat_drink_and_be_merry_uskayaw,
          serial_shops, nicolae_shop_temple_entry_statues_fountains
D:8:      layout_basic, grunt_temple_overflow_growth_and_decay
D:9:      layout_basic, serial_glass, glass_columns_b, glass_columns_a,
          serial_shops, shop, st_stairs_7
D:10:     layout_stronghold, lair_entry_dummy, enter_bailey_6,
          nicolae_qazlal_eye_of_the_storm, uniq_nergalle
Temple:   regret_index_temple_waves
Bailey:   bailey_polearm_2, bailey

Skill      XL: |  1  2  3  4  5  6  7  8  9 |
---------------+----------------------------+-----
Long Blades    | 3 4 5 6 8 |  8.1
Dodging        | 3 4 5 6 8 |  8.1
Armour         | 1 2 3 5 |  5.1
Fighting       | 3 4 5 6 |  6.6
Throwing       | |  1.7

Action                   |  1- 3 |  4- 6 |  7- 9 | 10-12 || total
-------------------------+-------+-------+-------+-------++-------
Melee: Long sword        |   115 |    13 |       |    17 ||   145
       Short sword       |       |   205 |   674 |       ||   879
       Dagger            |       |       |    99 |    53 ||   152
Throw: Throwing net      |       |       |     4 |       ||     4
Evoke: Wand              |       |       |       |    16 ||    16
  Use: Scroll            |       |     6 |    11 |     1 ||    18
       Potion            |       |     2 |     7 |     2 ||    11
 Stab: Sleeping          |     1 |       |     1 |       ||     2
       Held in net/web   |       |       |     3 |       ||     3
Armor: Leather armour    |    60 |    30 |   213 |       ||   303
       Scale mail        |       |       |    39 |    22 ||    61
Dodge: Dodged            |   119 |   141 |   608 |    53 ||   921
       Rpst.: Long sword |    39 |     4 |       |     1 ||    44
